 Dungeon Sprint DCSS version 0.19.3-4-gbf9329e (webtiles) character file.

628 Kagutsuchi the Fighter (level 7, 0/105 (108) HPs)
             Began as a Pale Draconian Berserker on Jan 27, 2017.
             Was a Priest of Trog.
             Slain by a tyrant leech (18 damage)
             ... in the Dungeon (Sprint II: "The Violet Keep of Menkaure").
             The game lasted 00:00:48 (697 turns).

Kagutsuchi the Fighter (Pale Draconian Berserker)    Turns: 697, Time: 00:00:48

HP:   0/105 (108)   AC:  6    Str: 25    XL:     7   Next: 23%
MP:   7/7           EV: 16    Int:  7    God:    Trog [***...]
Gold: 486           SH:  0    Dex: 12    Spells: 0 memorised, 6 levels left

rFire  . . .     SeeInvis .     a - +0 falchion
rCold  . . .     Gourm    .     (armour unavailable)
rNeg   . . .     Faith    .     (no shield)
rPois  .         Spirit   .     (helmet restricted)
rElec  .         Reflect  .     (no cloak)
rCorr  .         Harm     .     (no gloves)
MR     .....     NoTele   +     (no boots)
Stlth  ..........               (no amulet)
                                (no ring)
                                (no ring)

@: berserking (expiring), very quick
A: breathe steam, unfitting armour, cold-blooded, AC +6
a: Breathe Steam, Berserk, Trog's Hand, Burn Spellbooks, Renounce Religion


You were in the Dungeon.
You worshipped Trog.
Trog was most pleased with you.
You were very hungry.

You visited 1 branch You collected 486 gold pieces.

Inventory:

Hand Weapons
 a - a +0 falchion (weapon)
Scrolls
 h - a scroll of blinking
Potions
 c - a potion of curing
 d - a potion of heal wounds
 e - a potion of haste
 f - 2 potions of magic
 g - a potion of berserk rage
Comestibles
 b - a bread ration


   Skills:
 + Level 10.2 Fighting
 + Level 10.1 Long Blades
 + Level 8.5 Dodging
 + Level 0.2 Stealth


You had 6 spell levels left.
You didn't know any spells.

Dungeon Overview and Level Annotations

Branches:
Dungeon (1/1)

Altars:


Innate Abilities, Weirdness & Mutations

You can breathe blasts of scalding, opaque steam.
Your pale cyan-grey scales are hard. (AC +6)
You cannot fit into any form of body armour.
You are cold-blooded and may be slowed by cold attacks.


Message History

Your Long Blades skill increases to level 10!
You have reached level 7!
Your scales start taking on a pale cyan-grey colour.
You learn Fire Magic quicker.
You learn Air Magic quicker.
You learn Evocations quicker.
You can breathe blasts of scalding, opaque steam.
Unknown command.
You slash the tyrant leech!
The tyrant leech is lightly wounded.
You hit the tyrant leech.
The tyrant leech is moderately wounded.
The tyrant leech bites you!!
* * * LOW HITPOINT WARNING * * *
The tyrant leech draws strength from your injuries!
You closely miss the tyrant leech.
The tyrant leech is lightly wounded.
You slash the tyrant leech!
The tyrant leech is moderately wounded.
The tyrant leech bites you!!
You die...

## ## ##. $##
.. .. ## .#.
# ##.###w# .#
#...##@##w#
#.'.<.+#
#...##.##.w.#
##.###'## w##
####.#.## #
#..#..#
###.### #+#


You could see a tyrant leech.

Vanquished Creatures
  A tyrant leech (D)
  4 necrophages (D)
  4 worker ants (D)
9 creatures vanquished.

Vanquished Creatures (others)
  A crocodile (D)
1 creature vanquished.

Grand Total: 10 creatures vanquished

Notes
Turn   | Place    | Note
-------+----------+-------------------------------------------
     0 | D        | Kagutsuchi the Draconian Berserker began the quest for the Orb.
     0 | D        | Reached XP level 1. HP: 19/19 MP: 1/1
     1 | D        | Noticed a tyrant leech
     1 | D        | Noticed a tyrant leech
     5 | D        | Noticed a necrophage
     5 | D        | Noticed a necrophage
     5 | D        | Noticed a necrophage
     5 | D        | Noticed a necrophage
    12 | D        | Killed a necrophage
    12 | D        | Reached skill level 5 in Long Blades
    12 | D        | Reached skill level 5 in Dodging
    12 | D        | Reached XP level 2. HP: 26/29 MP: 2/2
    12 | D        | Reached XP level 3. HP: 33/36 MP: 3/3
    12 | D        | Reached XP level 4. HP: 39/43 MP: 4/4
    15 | D        | Killed a necrophage
    15 | D        | Reached XP level 5. HP: 47/51 MP: 5/5
    18 | D        | Killed a necrophage
    18 | D        | Reached ** piety under Trog
    29 | D        | Killed a necrophage
    29 | D        | Reached XP level 6. HP: 25/60 MP: 6/6
   325 | D        | Reached *** piety under Trog
   693 | D        | Killed a tyrant leech
   693 | D        | Reached skill level 10 in Fighting
   693 | D        | Reached skill level 10 in Long Blades
   693 | D        | Your scales start taking on a pale cyan-grey colour.
   693 | D        | Reached XP level 7. HP: 39/70 MP: 7/7
   697 | D        | Slain by a tyrant leech

Skill      XL: |  1  2  3  4  5  6 |
---------------+-------------------+-----
Fighting       | 6 7 8 10 | 10.2
Long Blades    | 5 6 8 10 | 10.1
Dodging        | 5 6 7 8 |  8.5
Stealth        | |  0.2

Action                   |  1- 3 |  4- 6 |  7- 9 || total
-------------------------+-------+-------+-------++-------
Melee: Falchion          |     6 |    57 |     4 ||    67
       Tailslap          |       |    10 |       ||    10
Invok: Berserk           |     1 |     1 |       ||     2
Armor: Skin              |       |     3 |       ||     3
Dodge: Dodged            |       |    27 |       ||    27
       Rpst.: Falchion   |       |     5 |       ||     5
